PA-
TULSA OTTERS @ ATHLETIC CLUB KC U-21
08/24/2048
 
TOP OF THE 1ST
Tulsa Otters batting - Pitching for Athletic Club KC U-21 : RHP Nalle Sijne
Pitching: RHP Nalle Sijne
Batting: SHB Brian Headon 0-0: Called Strike
0-1: Swinging Strike
0-2: Ball
1-2: Strikes out swinging
Batting: SHB Anthony Potter 0-0: Ball
1-0: Ball
2-0: SINGLE (Line Drive, 7S, EV 105.0 MPH)
Batting: RHB Lawrence Walker 0-0: Ball
1-0: Ball
2-0: Called Strike
2-1: Swinging Strike
2-2: Strikes out swinging
Batting: SHB Dave Ryan 0-0: Ground out 4-3 (Groundball, 4, EV 81.2 MPH)
Top of the 1st over - 0 runs, 1 hit, 0 errors, 1 left on base; Tulsa 0 - Athletic Club KC 0
BOTTOM OF THE 1ST
Athletic Club KC U-21 batting - Pitching for Tulsa Otters : RHP Jon Cooke
Pitching: RHP Jon Cooke
Batting: RHB Claudio Ynegas 0-0: Ball
1-0: Foul Ball, location: 2F
1-1: Swinging Strike
1-2: Foul Ball, location: 2F
1-2: Foul Ball, location: 2F
1-2: Foul Ball, location: 2F
1-2: Fly out, F7 (Flyball, 7LD, EV 75.0 MPH)
Batting: LHB Les Lumsden 0-0: Called Strike
0-1: Swinging Strike
0-2: Ball
1-2: Ball
2-2: Fly out, F8 (Flyball, 78S, EV 83.8 MPH)
Batting: RHB Ron Drinkwater 0-0: Ball
1-0: Called Strike
1-1: Called Strike
1-2: Foul Ball, location: 2F
1-2: Ball
2-2: Foul Ball, location: 2F
2-2: SOLO HOME RUN (Flyball, 78XD, EV 101.2 MPH), Distance : 398 ft
Batting: RHB Tony Rivera 0-0: Called Strike
0-1: Swinging Strike
0-2: Ball
1-2: Foul Ball, location: 2F
1-2: Ball
2-2: Strikes out swinging, 2-3 out at first.
Bottom of the 1st over - 1 run, 1 hit, 0 errors, 0 left on base; Tulsa 0 - Athletic Club KC 1
TOP OF THE 2ND
Tulsa Otters batting - Pitching for Athletic Club KC U-21 : RHP Nalle Sijne
Batting: RHB Clifton Roberson 0-0: Ground out U3 (Groundball, 34S, EV 83.8 MPH)
Batting: LHB Bill Jackson 0-0: Called Strike
0-1: Foul Ball, location: 2F
0-2: Strikes out swinging
Batting: RHB Norm Madison 0-0: Foul Ball, location: 2F
0-1: Foul Ball, location: 2F
0-2: Ball
1-2: Foul Ball, location: 2F
1-2: Ball
2-2: Foul Ball, location: 2F
2-2: Ground out 5-3 (Groundball, 56S, EV 80.0 MPH)
Top of the 2nd over - 0 runs, 0 hits, 0 errors, 0 left on base; Tulsa 0 - Athletic Club KC 1
BOTTOM OF THE 2ND
Athletic Club KC U-21 batting - Pitching for Tulsa Otters : RHP Jon Cooke
Batting: RHB Héctor Aranda 0-0: Ball
1-0: Called Strike
1-1: SINGLE (Line Drive, 56, EV 108.1 MPH)
Batting: RHB Sébastien Laurent 0-0: Ball
Héctor Aranda is caught stealing 2nd base 2-4
1-0: Ball
2-0: Ball
3-0: Called Strike
3-1: Foul Ball, location: 2F
3-2: Foul Ball, location: 2F
3-2: DOUBLE (Flyball, 8RXD, EV 100.0 MPH)
Batting: LHB Xiang-ling Zhou 0-0: Ball
1-0: Ball
2-0: Called Strike
2-1: Foul Ball, location: 2F
2-2: Foul Ball, location: 2F
2-2: Ball
3-2: Strikes out swinging
Batting: RHB Camillo Scalfaro 0-0: Ground out 5-3 (Groundball, 56S, EV 86.2 MPH)
Bottom of the 2nd over - 0 runs, 2 hits, 0 errors, 1 left on base; Tulsa 0 - Athletic Club KC 1
TOP OF THE 3RD
Tulsa Otters batting - Pitching for Athletic Club KC U-21 : RHP Nalle Sijne
Batting: SHB Carlos Paz 0-0: Ball
1-0: Ball
2-0: Ball
3-0: Called Strike
3-1: Called Strike
3-2: Fly out, F4 (Popup, 13S, EV 83.8 MPH)
Batting: RHB Juan Guevara 0-0: Ball
1-0: Called Strike
1-1: Called Strike
1-2: Ball
2-2: Strikes out swinging
Batting: SHB Brian Headon 0-0: Ball
1-0: Ground out 1-3 (Groundball, 34S, EV 76.2 MPH)
Top of the 3rd over - 0 runs, 0 hits, 0 errors, 0 left on base; Tulsa 0 - Athletic Club KC 1
BOTTOM OF THE 3RD
Athletic Club KC U-21 batting - Pitching for Tulsa Otters : RHP Jon Cooke
Batting: LHB Ronald Clark 0-0: Ball
1-0: Foul Ball, location: 2F
1-1: Ball
2-1: Foul Ball, location: 2F
2-2: Foul Ball, location: 2F
2-2: Strikes out swinging
Batting: RHB Claudio Ynegas 0-0: SINGLE (Groundball, 6MD, EV 103.1 MPH) (infield hit)
Batting: LHB Les Lumsden 0-0: Ball
1-0: Called Strike
Claudio Ynegas steals 2nd base
1-1: Hit by Pitch
Batting: RHB Ron Drinkwater 0-0: Foul Ball, location: 2F
0-1: SINGLE (Line Drive, 56D, EV 95.0 MPH)
Claudio Ynegas to third
Les Lumsden to second
Runner from 3rd tries for Home, throw by LF and OUT! 7-2
Batting: RHB Tony Rivera 0-0: Ball
1-0: Fly out, F8 (Line Drive, 8RD, EV 88.1 MPH)
Bottom of the 3rd over - 0 runs, 2 hits, 0 errors, 2 left on base; Tulsa 0 - Athletic Club KC 1
TOP OF THE 4TH
Tulsa Otters batting - Pitching for Athletic Club KC U-21 : RHP Nalle Sijne
Batting: SHB Anthony Potter 0-0: Ball
1-0: Called Strike
1-1: Swinging Strike
1-2: Foul Ball, location: 2F
1-2: Ball
2-2: Foul Ball, location: 2F
2-2: Fly out, F8 (Flyball, 8LD, EV 101.9 MPH)
Batting: RHB Lawrence Walker 0-0: Called Strike
0-1: Swinging Strike
0-2: Ball
1-2: Foul Ball, location: 2F
1-2: Ball
2-2: Fly out, F7 (Flyball, 7D, EV 108.8 MPH)
Batting: SHB Dave Ryan 0-0: Fly out, F8 (Line Drive, 8RM, EV 93.1 MPH)
Top of the 4th over - 0 runs, 0 hits, 0 errors, 0 left on base; Tulsa 0 - Athletic Club KC 1
BOTTOM OF THE 4TH
Athletic Club KC U-21 batting - Pitching for Tulsa Otters : RHP Jon Cooke
Batting: RHB Héctor Aranda 0-0: Foul Ball, location: 2F
0-1: Ball
1-1: Ball
2-1: Fly out, F4 (Popup, 4M, EV 53.1 MPH)
Batting: RHB Sébastien Laurent 0-0: Ball
1-0: Swinging Strike
1-1: Ball
2-1: Called Strike
2-2: Strikes out looking
Batting: LHB Xiang-ling Zhou 0-0: Ground out 4-3 (Groundball, 13, EV 86.9 MPH)
Bottom of the 4th over - 0 runs, 0 hits, 0 errors, 0 left on base; Tulsa 0 - Athletic Club KC 1
TOP OF THE 5TH
Tulsa Otters batting - Pitching for Athletic Club KC U-21 : RHP Nalle Sijne
Batting: RHB Clifton Roberson 0-0: Ball
1-0: Ball
2-0: Called Strike
2-1: Ground out 3-1 (Groundball, 34, EV 93.8 MPH)
Batting: LHB Bill Jackson 0-0: Ball
1-0: Fly out, F7 (Flyball, 7S, EV 91.2 MPH)
Batting: RHB Norm Madison 0-0: Called Strike
0-1: Ball
1-1: Ground out U3 (Groundball, 34, EV 83.8 MPH)
Top of the 5th over - 0 runs, 0 hits, 0 errors, 0 left on base; Tulsa 0 - Athletic Club KC 1
BOTTOM OF THE 5TH
Athletic Club KC U-21 batting - Pitching for Tulsa Otters : RHP Jon Cooke
Batting: RHB Camillo Scalfaro 0-0: Ball
1-0: Foul Ball, location: 2F
1-1: Ground out 4-3 (Groundball, 4, EV 85.6 MPH)
Batting: LHB Ronald Clark 0-0: Ground out 6-3 (Groundball, 6MS, EV 67.5 MPH)
Batting: RHB Claudio Ynegas 0-0: Ball
1-0: Foul Ball, location: 2F
1-1: Swinging Strike
1-2: Foul Ball, location: 2F
1-2: Strikes out swinging
Bottom of the 5th over - 0 runs, 0 hits, 0 errors, 0 left on base; Tulsa 0 - Athletic Club KC 1
TOP OF THE 6TH
Tulsa Otters batting - Pitching for Athletic Club KC U-21 : RHP Nalle Sijne
Batting: SHB Carlos Paz 0-0: SINGLE (Flyball, 34D, EV 90.0 MPH)
Batting: RHB Juan Guevara 0-0: Bunted foul
0-1: Bunted foul
0-2: Fly out, F9 (Flyball, 9, EV 86.9 MPH)
Batting: SHB Brian Headon 0-0: Ball
1-0: Ball
2-0: Foul Ball, location: 2F
2-1: Fly out, F6 (Flyball, 6MD, EV 84.4 MPH)
Batting: SHB Anthony Potter 0-0: Swinging Strike
0-1: Ground out U3 (Groundball, 3, EV 79.4 MPH)
Top of the 6th over - 0 runs, 1 hit, 0 errors, 1 left on base; Tulsa 0 - Athletic Club KC 1
BOTTOM OF THE 6TH
Athletic Club KC U-21 batting - Pitching for Tulsa Otters : RHP Jon Cooke
Batting: LHB Les Lumsden 0-0: Ball
1-0: Fly out, F2 (Popup, 25F, EV 89.4 MPH)
Batting: RHB Ron Drinkwater 0-0: Fly out, F8 (Flyball, 8LM, EV 84.4 MPH)
Batting: RHB Tony Rivera 0-0: Foul Ball, location: 2F
0-1: Foul Ball, location: 2F
0-2: Ball
1-2: Ball
2-2: Foul Ball, location: 2F
2-2: Ground out 5-3 (Groundball, 5S, EV 65.6 MPH)
Bottom of the 6th over - 0 runs, 0 hits, 0 errors, 0 left on base; Tulsa 0 - Athletic Club KC 1
TOP OF THE 7TH
Tulsa Otters batting - Pitching for Athletic Club KC U-21 : RHP Nalle Sijne
Batting: RHB Lawrence Walker 0-0: Ball
1-0: Called Strike
1-1: Ground out 5-3 (Groundball, 15, EV 82.5 MPH)
Batting: SHB Dave Ryan 0-0: Ball
1-0: Fly out, F9 (Flyball, 89M, EV 84.4 MPH)
Batting: RHB Clifton Roberson 0-0: Foul Ball, location: 2F
0-1: Ball
1-1: Ball
2-1: Fly out, F9 (Flyball, 89D, EV 101.9 MPH)
Top of the 7th over - 0 runs, 0 hits, 0 errors, 0 left on base; Tulsa 0 - Athletic Club KC 1
BOTTOM OF THE 7TH
Athletic Club KC U-21 batting - Pitching for Tulsa Otters : RHP Jon Cooke
Batting: RHB Héctor Aranda 0-0: Ball
1-0: Foul Ball, location: 2F
1-1: SINGLE (Flyball, 6MD, EV 98.8 MPH)
Batting: RHB Sébastien Laurent 0-0: Ball
Héctor Aranda steals 2nd base
1-0: Called Strike
1-1: Ball
2-1: Foul Ball, location: 2F
2-2: Ball
3-2: Base on Balls
Batting: LHB Xiang-ling Zhou 0-0: Ball
Héctor Aranda steals 3rd base
1-0: Ball
2-0: Fly out, F7 (Flyball, 7LM, EV 85.0 MPH)
Runner from 3rd tags up, SCORES, throw by LF
Batting: RHB Camillo Scalfaro 0-0: Called Strike
0-1: Called Strike
0-2: Strikes out swinging
Pitching: LHP Joe Gibson
Batting: LHB Ronald Clark 0-0: Ball
1-0: Fly out, F7 (Flyball, 7, EV 83.8 MPH)
Bottom of the 7th over - 1 run, 1 hit, 0 errors, 1 left on base; Tulsa 0 - Athletic Club KC 2
TOP OF THE 8TH
Tulsa Otters batting - Pitching for Athletic Club KC U-21 : RHP Nalle Sijne
Pitching: LHP David Reyes
Batting: LHB Bill Jackson 0-0: Ball
1-0: Foul Ball, location: 2F
1-1: Foul Ball, location: 2F
1-2: Ball
2-2: Fly out, F7 (Flyball, 7LS, EV 94.4 MPH)
Batting: RHB Norm Madison 0-0: Fly out, F8 (Flyball, 8LD, EV 98.8 MPH)
Batting: SHB Carlos Paz 0-0: Swinging Strike
0-1: Foul Ball, location: 2F
0-2: Strikes out looking
Top of the 8th over - 0 runs, 0 hits, 0 errors, 0 left on base; Tulsa 0 - Athletic Club KC 2
BOTTOM OF THE 8TH
Athletic Club KC U-21 batting - Pitching for Tulsa Otters : LHP Joe Gibson
Batting: RHB Claudio Ynegas 0-0: Called Strike
0-1: DOUBLE (Line Drive, 9LM, EV 106.2 MPH)
Batting: LHB Les Lumsden 0-0: Ball
1-0: Ball
2-0: Called Strike
2-1: Fly out, F8 (Line Drive, 8RD, EV 97.5 MPH)
Runner from 2nd tags up, SAFE at 3rd with throw by CF
Batting: RHB Ron Drinkwater 0-0: Called Strike
0-1: Ball
1-1: Ground out 6-3 (Groundball, 6, EV 88.1 MPH)
Claudio Ynegas scores
Batting: RHB Tony Rivera 0-0: Foul Ball, location: 2F
0-1: Ball
1-1: Reached on error, E3 (Flyball, 3D, EV 80.6 MPH)
Batting: RHB Héctor Aranda 0-0: Ball
1-0: Fielders Choice at 2nd, 6-4 (Groundball, 6, EV 84.4 MPH)
Bottom of the 8th over - 1 run, 1 hit, 1 error, 1 left on base; Tulsa 0 - Athletic Club KC 3
TOP OF THE 9TH
Tulsa Otters batting - Pitching for Athletic Club KC U-21 : LHP David Reyes
Batting: RHB Juan Guevara 0-0: Fly out, F9 (Flyball, 89S, EV 88.8 MPH)
Batting: SHB Brian Headon 0-0: Ball
1-0: Called Strike
1-1: Foul Ball, location: 2F
1-2: Foul Ball, location: 2F
1-2: Foul Ball, location: 2F
1-2: Ball
2-2: Foul Ball, location: 2F
2-2: Foul Ball, location: 2F
2-2: Ball
3-2: Foul Ball, location: 2F
3-2: Foul Ball, location: 2F
3-2: Base on Balls
Batting: SHB Anthony Potter 0-0: Ball
1-0: Called Strike
1-1: Grounds into double play, 6-4-3 (Groundball, 6, EV 76.2 MPH)
Top of the 9th over - 0 runs, 0 hits, 0 errors, 0 left on base; Tulsa 0 - Athletic Club KC 3
Monday, October 31st , 2022 - OOTP Baseball 22.12 Build 89